 Dungeon Crawl Stone Soup version 0.32-a0-42-ga30500b4d3 (webtiles) character file.

Game seed: 982832105801522810

4 senseless the Charlatan (level 1, 0/9 HPs)
             Began as a Spriggan Artificer on Feb 2, 2024.
             Slain by a jackal (1 damage)
             ... on level 1 of the Dungeon.
             The game lasted 00:00:41 (70 turns).

senseless the Charlatan (Spriggan Artificer)          Turns: 70, Time: 00:00:42

Health: 0/9        AC:  2    Str:  8    XL:     1   Next: 58%
Magic:  2/2        EV: 17    Int: 12    God:
Gold:   8          SH:  0    Dex: 15    Spells: 0/0 levels left

rFire   . . .        a - +0 club
rCold   . . .        (no shield)
rNeg    . . .        b - +0 robe
rPois   .            (helmet restricted)
rElec   .            (no cloak)
rCorr   .            (gloves unavailable)
SInv    +            (boots unavailable)
Will    .....        (no amulet)
Stlth   ++           (no ring)
HPRegen 0.21/turn    (no ring)
MPRegen 0.08/turn

%: no passive effects
@: very quick
A: very small, no large weapons, unfitting armour, see invisible, speed 3
a: no special abilities


You were on level 1 of the Dungeon.
You visited 1 branch of the dungeon, and saw 1 of its levels.

You collected 8 gold pieces.

Inventory:

Hand Weapons
 a - a +0 club (weapon)
Armour
 b - a +0 robe (worn)
Wands
 c - a wand of flame (9) (quivered)
 d - a wand of charming (14)
 e - a wand of iceblast (5)
Scrolls
 f - a scroll of teleportation {unknown}


   Skills:
 + Level 0.9 Fighting
 + Level 3.3 Dodging
 + Level 1.9 Stealth
 + Level 4.1 Evocations


You couldn't memorise any spells.
You didn't know any spells.
Your spell library contained the following spells:

 Spells                   Type           Power      Damage    Failure   Level
 Ensorcelled Hibernation  Hex/Ice        0%         N/A       45%         2
 Fugue of the Fallen      Necr           0%         N/A       69%         3
 Anguish                  Hex/Necr       0%         N/A       97%         4


Dungeon Overview and Level Annotations

Branches:
Dungeon (1/15)

Altars:


Innate Abilities, Weirdness & Mutations

You are very small and have problems with some larger weapons.
You are too small for most types of armour.
You have supernaturally acute eyesight. (SInv)
You cover ground extremely quickly. (Speed+++)


Message History

A jackal comes into view.
The puff of flame hits the jackal.
The jackal is severely wounded.
The jackal barks!
The jackal closely misses you. x2
The puff of flame misses the jackal.
The puff of flame hits the rat!
You kill the rat!
The jackal bites you.
You are too injured to fight recklessly!
You are too injured to fight recklessly!
Aiming: Throw Flame
Press: ? - help, Shift-Dir - straight line, f/p - jackal
Aim: a jackal (severely wounded, 64% to hit)
The puff of flame hits the jackal.
You kill the jackal!
You barely miss the jackal. The jackal bites you. The jackal misses you.
You hit the jackal.
The jackal is lightly wounded.
The jackal barely misses you. x2
You barely miss the jackal.
The jackal is lightly wounded.
The jackal completely misses you. x3
You hit the jackal.
The jackal is moderately wounded.
The jackal misses you. The jackal completely misses you. x2
You hit the jackal.
The jackal is severely wounded.
The jackal bites you. The jackal barely misses you.
The jackal closely misses you. x2
You hit the jackal.
The jackal is almost dead.
The jackal bites you.
* * * LOW HITPOINT WARNING * * *
The jackal closely misses you. The jackal completely misses you.
The jackal misses you.
Aiming: Charm
Press: ? - help, Shift-Dir - straight line, f - jackal
Aim: a jackal (chance to affect: 75%)
The jackal is charmed.
The jackal bites you.
You die...

#...#####.# .# #
+.>.'.....# ..## .#
#...##....## ..# .#
###.#####...#####.##.#####
#V#.#K# ##................
###.######.........)......
#^#...#i##....K...........
#####.####....h##.$.......
#^#.#i##.....@hK........
###.############........
#^#.#H# #........ ####.###
##....... #^#..#H# #......
###.#### ###### #m#.#^#
####.### #B#..#n#


You could see a jackal, 2 kobolds and a friendly jackal (charmed).

Vanquished Creatures
  A goblin (D:1)
  2 jackals (D:1)
  A rat (D:1)
4 creatures vanquished.

Notes
Turn   | Place    | Note
-------+----------+-------------------------------------------
     0 | D:1      | senseless the Spriggan Artificer began the quest for the
                  | Orb.
     0 | D:1      | Reached XP level 1. HP: 9/9 MP: 2/2
     0 | D:1      | Noticed an armataur
     0 | D:1      | Noticed a demonspawn
     1 | D:1      | Noticed an oni
     1 | D:1      | Noticed a merfolk
     4 | D:1      | Noticed a ghoul
     6 | D:1      | Noticed a vampire
     8 | D:1      | Noticed a troll
     9 | D:1      | Noticed a formicid
    10 | D:1      | Noticed a ghoul
    12 | D:1      | Noticed a merfolk
    14 | D:1      | Noticed a minotaur
    16 | D:1      | Noticed an armataur
    18 | D:1      | Noticed a spriggan
    20 | D:1      | Noticed a vampire
    20 | D:1      | Noticed a spriggan
    22 | D:1      | Noticed a spriggan
    70 | D:1      | Slain by a jackal

Illustrated notes

Levels and vault maps discovered:
D:1:      shiori_arrival_whats_in_store_for_you, layout_rooms, serial_shops,
          shop, minivault_26, minivault_19

Action                     || total
---------------------------++-------
  Melee: Club              ||    13
  Evoke: Wand              ||     7
 Armour: Robe              ||    11
  Dodge: Dodged            ||    32

Table legend: (Time is in decaauts)
 A = Elapsed time spent in this place.
 B = Non-inter-level travel time spent in this place.
 C = Inter-level travel time spent in this place.
 D = Time resting spent in this place.
 E = Time spent auto-exploring this place.
 F = Levels seen in this place.
 G = Mean time per level.
                   A        B        C        D        E       F      G
               +--------+--------+--------+--------+--------+-----+--------+
         Total |     55 |     55 |      0 |      0 |     24 |   1 |   55.0 |
       Dungeon |     55 |     55 |      0 |      0 |     24 |   1 |   55.0 |
               +--------+--------+--------+--------+--------+-----+--------+

Top non-repeatable levels by time:
     D:1: 55 daAuts
